EVO
OHIO STATE UNIVERSITY BUCKEYES @ WICHITA STATE UNIVERSITY SHOCKERS
09/26/2048
 
TOP OF THE 1ST
Ohio State University Buckeyes batting - Pitching for Wichita State University Shockers : RHP Steve Dodge
Pitching: RHP Steve Dodge
Batting: LHB Adam Simpson 0-0: Called Strike
0-1: Swinging Strike
0-2: Strikes out swinging
Batting: RHB Jacob Carrano 0-0: Ball
1-0: Ground out 6-3 (Groundball, 6, EV 80.6 MPH)
Batting: LHB Tony Abascal 0-0: SINGLE (Groundball, 4MD, EV 95.6 MPH)
Batting: RHB Tristan Gimple 0-0: Ball
1-0: Swinging Strike
1-1: Called Strike
1-2: Fly out, F7 (Flyball, 7S, EV 94.4 MPH)
Top of the 1st over - 0 runs, 1 hit, 0 errors, 1 left on base; Ohio State University 0 - Wichita State University 0
BOTTOM OF THE 1ST
Wichita State University Shockers batting - Pitching for Ohio State University Buckeyes : RHP Eric Long
Pitching: RHP Eric Long
Batting: RHB Alex Zeledon 0-0: Called Strike
0-1: Ball
1-1: Ground out U3 (Groundball, 3, EV 105.0 MPH)
Batting: RHB Lucio Baratta 0-0: Called Strike
0-1: Called Strike
0-2: Ball
1-2: Ball
2-2: Ball
3-2: Foul Ball, location: 2F
3-2: Strikes out swinging
Batting: LHB Carlos Flores 0-0: Ball
1-0: Ball
2-0: Called Strike
2-1: Foul Ball, location: 2F
2-2: Fly out, F7 (Flyball, 78M, EV 86.2 MPH)
Bottom of the 1st over - 0 runs, 0 hits, 0 errors, 0 left on base; Ohio State University 0 - Wichita State University 0
TOP OF THE 2ND
Ohio State University Buckeyes batting - Pitching for Wichita State University Shockers : RHP Steve Dodge
Pitching: RHP Steve Mattes
Batting: LHB Zach Brandt 0-0: Ball
1-0: Ball
2-0: Called Strike
2-1: Called Strike
2-2: Foul Ball, location: 2F
2-2: Strikes out looking
Batting: RHB Masatoshi Mori 0-0: Ball
1-0: Ball
2-0: Ground out 6-3 (Groundball, 6, EV 97.5 MPH)
Batting: LHB Anthony Ross 0-0: Called Strike
0-1: Ball
1-1: Swinging Strike
1-2: Foul Ball, location: 2F
1-2: Strikes out swinging
Top of the 2nd over - 0 runs, 0 hits, 0 errors, 0 left on base; Ohio State University 0 - Wichita State University 0
BOTTOM OF THE 2ND
Wichita State University Shockers batting - Pitching for Ohio State University Buckeyes : RHP Eric Long
Batting: RHB Marvin Coffey 0-0: Ball
1-0: Foul Ball, location: 2F
1-1: Foul Ball, location: 2F
1-2: Ball
2-2: Strikes out looking
Batting: LHB Kyle Lee 0-0: Ball
1-0: Ball
2-0: Foul Ball, location: 2F
2-1: Called Strike
2-2: Ball
3-2: SOLO HOME RUN (Flyball, 9LD, EV 100.0 MPH), Distance : 392 ft
Batting: RHB Jeff Grant 0-0: Foul Ball, location: 2F
0-1: Called Strike
0-2: Foul Ball, location: 2F
0-2: Ball
1-2: Ball
2-2: Foul Ball, location: 2F
2-2: Foul Ball, location: 2F
2-2: Foul Ball, location: 2F
2-2: Ground out 6-3 (Groundball, 6, EV 91.2 MPH)
Batting: SHB Peter Faggard 0-0: Ground out 4-3 (Groundball, 4MS, EV 90.6 MPH)
Bottom of the 2nd over - 1 run, 1 hit, 0 errors, 0 left on base; Ohio State University 0 - Wichita State University 1
TOP OF THE 3RD
Ohio State University Buckeyes batting - Pitching for Wichita State University Shockers : RHP Steve Mattes
Batting: RHB David Guillen 0-0: Fly out, F8 (Flyball, 8LM, EV 86.2 MPH)
Batting: RHB Josh Dinsmore 0-0: Ball
1-0: Swinging Strike
1-1: Foul Ball, location: 2F
1-2: Foul Ball, location: 2F
1-2: Strikes out looking
Batting: LHB Adam Simpson 0-0: Ball
1-0: Ball
2-0: Swinging Strike
2-1: Ball
3-1: Foul Ball, location: 2F
3-2: Strikes out swinging
Top of the 3rd over - 0 runs, 0 hits, 0 errors, 0 left on base; Ohio State University 0 - Wichita State University 1
BOTTOM OF THE 3RD
Wichita State University Shockers batting - Pitching for Ohio State University Buckeyes : RHP Eric Long
Batting: LHB Greg Burton 0-0: Ground out 5-3 (Groundball, 56, EV 86.9 MPH)
Batting: RHB Bryan Palmer 0-0: Ball
1-0: Fly out, F8 (Line Drive, 8RM, EV 95.0 MPH)
Batting: RHB Alex Zeledon 0-0: DOUBLE (Line Drive, 9LM, EV 106.2 MPH)
Batting: RHB Lucio Baratta 0-0: Fly out, F3 (Popup, 3S, EV 86.9 MPH)
Bottom of the 3rd over - 0 runs, 1 hit, 0 errors, 1 left on base; Ohio State University 0 - Wichita State University 1
TOP OF THE 4TH
Ohio State University Buckeyes batting - Pitching for Wichita State University Shockers : RHP Steve Mattes
Batting: RHB Jacob Carrano 0-0: DOUBLE (Groundball, 5L, EV 106.2 MPH)
Batting: LHB Tony Abascal 0-0: Ball
1-0: Foul Ball, location: 2F
1-1: SINGLE (Groundball, 34D, EV 103.1 MPH)
Jacob Carrano to third
Pitching: RHP Ryan Chase
Batting: RHB Tristan Gimple 0-0: Called Strike
0-1: Ball
1-1: Ball
2-1: SINGLE (Groundball, 56D, EV 106.9 MPH)
Jacob Carrano scores
Tony Abascal to second
Batting: LHB Zach Brandt 0-0: Swinging Strike
0-1: Foul Ball, location: 2F
0-2: Ball
1-2: Fly out, F8 (Flyball, 8LXD, EV 109.4 MPH)
Runner from 2nd tags up, SAFE at 3rd, no throw by CF
Batting: RHB Masatoshi Mori 0-0: Foul Ball, location: 2F
0-1: Ball
1-1: Ball
2-1: Grounds into double play, 4-6-3 (Groundball, 4, EV 89.4 MPH)
Top of the 4th over - 1 run, 3 hits, 0 errors, 1 left on base; Ohio State University 1 - Wichita State University 1
BOTTOM OF THE 4TH
Wichita State University Shockers batting - Pitching for Ohio State University Buckeyes : RHP Eric Long
Batting: LHB Carlos Flores 0-0: Called Strike
0-1: Swinging Strike
0-2: Ball
1-2: Ball
2-2: SINGLE (Line Drive, 7LM, EV 92.5 MPH)
Batting: RHB Marvin Coffey 0-0: Called Strike
0-1: Ball
1-1: SINGLE (Line Drive, 78M, EV 95.0 MPH)
Carlos Flores to second
Batting: LHB Kyle Lee 0-0: SINGLE (Line Drive, 8RS, EV 95.0 MPH)
Carlos Flores to third
Marvin Coffey to second
Batting: RHB Jeff Grant 0-0: Ball
1-0: Ball
2-0: Called Strike
2-1: Foul Ball, location: 2F
2-2: Ball
3-2: Foul Ball, location: 2F
3-2: GRAND SLAM HOME RUN (Line Drive, 7D, EV 106.9 MPH), Distance : 429 ft
Pitching: RHP Harry Jerome
Batting: SHB Peter Faggard 0-0: Called Strike
0-1: Ball
1-1: Swinging Strike
1-2: Ball
2-2: Ball
3-2: Fly out, F8 (Flyball, 8LM, EV 91.2 MPH)
Batting: LHB Greg Burton 0-0: Called Strike
0-1: Foul Ball, location: 2F
0-2: Ball
1-2: Foul Ball, location: 2F
1-2: Strikes out swinging
Batting: RHB Bryan Palmer 0-0: Ground out 5-3 (Groundball, 56, EV 88.1 MPH)
Bottom of the 4th over - 4 runs, 4 hits, 0 errors, 0 left on base; Ohio State University 1 - Wichita State University 5
TOP OF THE 5TH
Ohio State University Buckeyes batting - Pitching for Wichita State University Shockers : RHP Ryan Chase
Batting: LHB Anthony Ross 0-0: SINGLE (Line Drive, 8RS, EV 98.1 MPH)
Batting: RHB David Guillen 0-0: Foul Ball, location: 2F
0-1: Foul Ball, location: 2F
0-2: Fly out, F7 (Flyball, 78S, EV 88.1 MPH)
Batting: RHB Josh Dinsmore 0-0: SINGLE (Groundball, 34D, EV 108.1 MPH)
Anthony Ross to second
Runner from 2nd tries for 3rd, SAFE, no throw by RF
Batting: LHB Adam Simpson 0-0: Called Strike
0-1: Foul Ball, location: 2F
0-2: Foul Ball, location: 2F
0-2: Ball
1-2: Foul Ball, location: 2F
1-2: Ball
2-2: Ball
3-2: Foul Ball, location: 2F
3-2: Grounds into double play, 4-6-3 (Groundball, 4, EV 80.6 MPH)
Top of the 5th over - 0 runs, 2 hits, 0 errors, 1 left on base; Ohio State University 1 - Wichita State University 5
BOTTOM OF THE 5TH
Wichita State University Shockers batting - Pitching for Ohio State University Buckeyes : RHP Harry Jerome
Batting: RHB Alex Zeledon 0-0: Ball
1-0: Ball
2-0: Foul Ball, location: 2F
2-1: Ball
3-1: Foul Ball, location: 2F
3-2: Ground out 1-3 (Groundball, 15S, EV 68.1 MPH)
Batting: RHB Lucio Baratta 0-0: Ball
1-0: Ball
2-0: Called Strike
2-1: Called Strike
2-2: Foul Ball, location: 2F
2-2: Foul Ball, location: 2F
2-2: Ball
3-2: SINGLE (Flyball, 8RS, EV 96.2 MPH)
Batting: LHB Carlos Flores 0-0: Fly out, F4 (Popup, 34, EV 78.8 MPH)
Batting: RHB Marvin Coffey 0-0: Fly out, F7 (Flyball, 7D, EV 101.9 MPH)
Bottom of the 5th over - 0 runs, 1 hit, 0 errors, 1 left on base; Ohio State University 1 - Wichita State University 5
TOP OF THE 6TH
Ohio State University Buckeyes batting - Pitching for Wichita State University Shockers : RHP Ryan Chase
Pitching: RHP Keith Wilder
Batting: RHB Jacob Carrano 0-0: Swinging Strike
0-1: Called Strike
0-2: Ball
1-2: Ground out 4-3 (Groundball, 4, EV 76.2 MPH)
Batting: LHB Tony Abascal 0-0: Called Strike
0-1: Foul Ball, location: 2F
0-2: Fly out, F7 (Flyball, 7D, EV 79.4 MPH)
Batting: RHB Tristan Gimple 0-0: Called Strike
0-1: Called Strike
0-2: Strikes out swinging
Top of the 6th over - 0 runs, 0 hits, 0 errors, 0 left on base; Ohio State University 1 - Wichita State University 5
BOTTOM OF THE 6TH
Wichita State University Shockers batting - Pitching for Ohio State University Buckeyes : RHP Harry Jerome
Batting: LHB Kyle Lee 0-0: Ball
1-0: Ball
2-0: Ball
3-0: Called Strike
3-1: Called Strike
3-2: Ground out 6-3 (Groundball, 56, EV 106.9 MPH)
Pitching: RHP Bob Rowsell
Batting: RHB Jeff Grant 0-0: Called Strike
0-1: SINGLE (Flyball, 78S, EV 90.0 MPH)
Batting: SHB Peter Faggard 0-0: Ball
Jeff Grant steals 2nd, throwing error, E2
Jeff Grant to third
1-0: Ball
2-0: Ball
3-0: Foul Ball, location: 2F
3-1: Foul Ball, location: 2F
3-2: Base on Balls
Batting: LHB Greg Burton 0-0: Foul Ball, location: 2F
0-1: Ball
1-1: Ball
2-1: Grounds into double play, 5-4-3 (Groundball, 56, EV 90.0 MPH)
Bottom of the 6th over - 0 runs, 1 hit, 1 error, 1 left on base; Ohio State University 1 - Wichita State University 5
TOP OF THE 7TH
Ohio State University Buckeyes batting - Pitching for Wichita State University Shockers : RHP Keith Wilder
Batting: LHB Zach Brandt 0-0: Swinging Strike
0-1: Foul Ball, location: 2F
0-2: Strikes out swinging
Batting: RHB Masatoshi Mori 0-0: Foul Ball, location: 2F
0-1: Foul Ball, location: 2F
0-2: Strikes out looking
Batting: LHB Anthony Ross 0-0: Foul Ball, location: 2F
0-1: Ball
1-1: Ball
2-1: Reached on error, E6 (Groundball, 56, EV 85.0 MPH)
Batting: RHB David Guillen 0-0: Ball
Anthony Ross steals 2nd base
1-0: Ball
2-0: 2-RUN HOME RUN (Flyball, 7D, EV 98.1 MPH), Distance : 393 ft
Batting: RHB Josh Dinsmore 0-0: Ground out 5-3 (Groundball, 56, EV 110.6 MPH)
Top of the 7th over - 2 runs, 1 hit, 1 error, 0 left on base; Ohio State University 3 - Wichita State University 5
BOTTOM OF THE 7TH
Wichita State University Shockers batting - Pitching for Ohio State University Buckeyes : RHP Bob Rowsell
Batting: RHB Bryan Palmer 0-0: Foul Ball, location: 2F
0-1: Ground out 4-3 (Groundball, 4, EV 97.5 MPH)
Batting: RHB Alex Zeledon 0-0: Swinging Strike
0-1: Ball
1-1: Swinging Strike
1-2: Foul Ball, location: 2F
1-2: Strikes out swinging
Batting: RHB Lucio Baratta 0-0: Ball
1-0: Called Strike
1-1: Foul Ball, location: 2F
1-2: SINGLE (Groundball, 5D, EV 94.4 MPH)
Batting: LHB Carlos Flores 0-0: Foul Ball, location: 2F
0-1: Fly out, F7 (Flyball, 7LD, EV 102.5 MPH)
Bottom of the 7th over - 0 runs, 1 hit, 0 errors, 1 left on base; Ohio State University 3 - Wichita State University 5
TOP OF THE 8TH
Ohio State University Buckeyes batting - Pitching for Wichita State University Shockers : RHP Keith Wilder
Batting: LHB Adam Simpson 0-0: Ball
1-0: Called Strike
1-1: Swinging Strike
1-2: Strikes out swinging
Batting: RHB Jacob Carrano 0-0: Ball
1-0: Foul Ball, location: 2F
1-1: Ball
2-1: Fly out, F2 (Popup, 5SF, EV 69.4 MPH)
Batting: LHB Tony Abascal 0-0: Called Strike
0-1: Ball
1-1: Ground out 4-3 (Groundball, 4, EV 100.0 MPH)
Top of the 8th over - 0 runs, 0 hits, 0 errors, 0 left on base; Ohio State University 3 - Wichita State University 5
BOTTOM OF THE 8TH
Wichita State University Shockers batting - Pitching for Ohio State University Buckeyes : RHP Bob Rowsell
Pitching: RHP Rodolfo Lrio
Batting: RHB Marvin Coffey 0-0: Ball
1-0: Ball
2-0: Ball
3-0: Called Strike
3-1: Fly out, F8 (Flyball, 8RD, EV 97.5 MPH)
Batting: LHB Kyle Lee 0-0: Ball
1-0: Ground out 4-3 (Groundball, 4, EV 81.9 MPH)
Batting: RHB Jeff Grant 0-0: Swinging Strike
0-1: Ball
1-1: Ball
2-1: Called Strike
2-2: Ball
3-2: Base on Balls
Batting: SHB Peter Faggard 0-0: Ball
1-0: Ball
2-0: Ball
3-0: Called Strike
3-1: Fielders Choice at 2nd, 6-4 (Groundball, 6, EV 85.6 MPH)
Bottom of the 8th over - 0 runs, 0 hits, 0 errors, 1 left on base; Ohio State University 3 - Wichita State University 5
TOP OF THE 9TH
Ohio State University Buckeyes batting - Pitching for Wichita State University Shockers : RHP Keith Wilder
Pitching: LHP Blake Gans
Now in LF: Bryan Palmer
Now in CF: Kyle Gill
Batting: RHB Tristan Gimple 0-0: Ball
1-0: Fly out, F9 (Flyball, 9D, EV 99.4 MPH)
Pinch Hitting: RHB Bo Wu 0-0: Ball
1-0: Called Strike
1-1: Swinging Strike
1-2: Foul Ball, location: 2F
1-2: Ball
2-2: Ball
3-2: Reached on error, E1 (Groundball, 13, EV 69.4 MPH)
Batting: RHB Masatoshi Mori 0-0: Foul Ball, location: 2F
0-1: Ball
1-1: Ball
2-1: Foul Ball, location: 2F
2-2: Ball
3-2: Strikes out looking
Pinch Hitting: RHB Mike Tarantino 0-0: Ball
1-0: Called Strike
1-1: SINGLE (Groundball, 4S, EV 68.8 MPH) (infield hit)
Bo Wu to second
Batting: RHB David Guillen 0-0: Called Strike
0-1: Ball
1-1: Ball
2-1: Foul Ball, location: 2F
2-2: SINGLE (Groundball, 6M, EV 103.1 MPH) (infield hit)
Bo Wu to third
Mike Tarantino to second
Batting: RHB Josh Dinsmore 0-0: Ball
1-0: Ball
2-0: Foul Ball, location: 2F
2-1: Swinging Strike
2-2: Strikes out swinging
Top of the 9th over - 0 runs, 2 hits, 1 error, 3 left on base; Ohio State University 3 - Wichita State University 5
Tuesday, March 28th , 2023 - OOTP Baseball 23.10 Build 110